 Dungeon Crawl Stone Soup version 0.18.1-1-g2f07953 (webtiles) character file.

196 imoen the Insei (level 5, -4/27 HPs)
             Began as a Vine Stalker Monk on May 6, 2016.
             Slain by a sky beast (5 damage)
             ... on level 5 of the Dungeon.
             The game lasted 00:07:08 (580 turns).

imoen the Insei (Vine Stalker Monk)                  Turns: 580, Time: 00:07:09

Health: -4/27      AC:  4    Str: 15    XL:     5   Next: 74%
Magic:  0/6        EV: 12    Int: 10    God:
Gold:   21         SH:  0    Dex: 16    Spells: 0 memorised, 4 levels left

rFire  . . .     SeeInvis .       - Unarmed
rCold  . . .     Gourm    .     j - +0 leather armour
rNeg   . . .     Faith    .     (no shield)
rPois  .         Spirit   +     k - +0 helmet
rElec  .         Dismiss  .     (no cloak)
rCorr  .         Reflect  .     (no gloves)
SustAt .         Harm     .     (no boots)
MR     .....                    (no amulet)
Stlth  +++.......               (no ring)
                                l - ring of stealth

@: not resistant to hostile enchantments, fairly stealthy
A: fangs 2, regeneration 1, magic shield, antimagic bite, no device heal 3, rot
immunity
a: no special abilities


You were on level 5 of the Dungeon.
You were not hungry.

You visited 1 branch of the dungeon, and saw 4 of its levels.

You collected 21 gold pieces.

Inventory:

Missiles
 n - 14 poisoned needles
Armour
 a - a +0 robe
 j - a +0 leather armour (worn)
   (You took it off Ijyb on level 2 of the Dungeon)
 k - a +0 helmet (worn)
   (You found it on level 2 of the Dungeon)
Jewellery
 l - a ring of stealth (left hand)
   (You found it on level 2 of the Dungeon)
Wands
 o - a wand of polymorph (17/24)
   (You found it on level 5 of the Dungeon)
Scrolls
 e - a scroll of identify {unknown}
 m - a scroll of remove curse {unknown}
Potions
 c - 2 potions of curing {unknown}
 d - 3 potions of heal wounds {unknown}
Comestibles
 b - a bread ration
 f - a slice of pizza
 g - 2 royal jellies
 h - a beef jerky


   Skills:
 - Level 2.6 Fighting
 - Level 2.4 Dodging
 - Level 2.4 Stealth
 + Level 6.8 Unarmed Combat


You had 4 spell levels left.
You didn't know any spells.

Dungeon Overview and Level Annotations

Branches:
Dungeon (3/15)

Altars:
Okawaru


Innate Abilities, Weirdness & Mutations

You have extremely sharp teeth.
Your natural rate of healing is unusually fast.
When hurt, damage is shared between your health and your magic reserves.
Your bite disrupts and absorbs the magic of your enemies.
Potions and wands cannot restore your health.
You are immune to rotting.


Message History

* * * LOW HITPOINT WARNING * * *
You are poisoned.
The worker ant poisons you!
The worker ant waves its antennae.
The worker ant closely misses you.
You take 1 damage, and have 14/27 hp.
You now have 5/6 mp.
You punch the worker ant!
You kill the worker ant!
You feel sick.
Unknown command.
You feel sick.
You feel sick.
You take 3 damage, and have 11/27 hp.
Unknown command.
You feel sick.
You take 1 damage, and have 11/27 hp.
You feel sick.
You take 1 damage, and have 10/27 hp.
You feel sick.
You take 1 damage, and have 10/27 hp.
MP restored: 6 You feel sick.
You take 1 damage, and have 10/27 hp.
You feel sick.
You take 1 damage, and have 9/27 hp.
You feel sick.
A crimson imp comes into view.
Unknown command.
An orc comes into view. It is wielding a short sword.
You feel sick.
The orc shouts!
You take 1 damage, and have 9/27 hp.
Unknown command.
You feel sick.
A hound comes into view.
You feel sick.
You are no longer poisoned.
A sky beast comes into view.
The hound closely misses you.
Okay, then.
The sky beast barely misses you. The hound bites you.
* * * LOW HITPOINT WARNING * * *
You now have 5/6 mp.
The hound closely misses you.
Aim: a hound (chance to defeat MR: 54%)
The hound resists with significant effort.
Evoking this partially-identified wand wasted a few charges.
The hound bites you.
* * * LOW HITPOINT WARNING * * *
You take 2 damage, and have 9/27 hp.
You now have 4/6 mp.
Unknown command.
Aim: a hound (chance to defeat MR: 54%)
The hound evaporates and reforms as a quokka!
Evoking this partially-identified wand wasted a few charges.
The quokka barely misses you.
You closely miss the quokka. Your bite misses the quokka. The quokka bites you.
The sky beast flickers out of sight!
Deactivating autopickup; reactivate with Ctrl-A.
You now have 3/6 mp.
Unknown command.
The quokka misses you. The quokka closely misses you. The quokka misses you.
The quokka barely misses you.
The quokka twitches its whiskers.
The quokka closely misses you.
There is an escape hatch in the ceiling here.
You hit the quokka.
You kill the quokka!
The hound returns to its original shape as it dies.
The orc hits you with a short sword.
* * * LOW HITPOINT WARNING * * *
You see here a hound corpse.
You take 3 damage, and have 12/27 hp.
You now have 4/6 mp.
You punch the orc!
You kill the orc!
A sky beast appears from thin air!
Reactivating autopickup.
You hit the sky beast. The sky beast closely misses you.
You punch the sky beast! Your bite misses the sky beast.
The sky beast barely misses you.
You hit the sky beast. Your bite misses the sky beast. You hit the sky beast.
Your bite misses the sky beast. The sky beast hits you.
* * * LOW HITPOINT WARNING * * *
The sky beast shocks you.
* * * LOW HITPOINT WARNING * * *
You take 8 damage, and have 5/27 hp.
MASSIVE DAMAGE!!
You now have 3/6 mp.
You hit the sky beast but do no damage. Your bite misses the sky beast.
The sky beast hits you.
* * * LOW HITPOINT WARNING * * *
The sky beast shocks you.
* * * LOW HITPOINT WARNING * * *
You take 4 damage, and have 1/27 hp.
You now have 0/6 mp.
You hit the sky beast but do no damage. You bite the sky beast.
You drain its power.
You feel invigorated. The sky beast hits you. The sky beast shocks you.
You die...

# #............#
#.###.....
#..###.##.##....#.#
#.........
#.........##..#.#.#
###.###.#.
#.####{#####..#.#.#
#.# #.#. #.# #).....#
#..(..#. #.#
##...%#.. ...##.##.
#.# ##.###.###
......†..
#.####.###..# #<###.#
#.....###
#...........###@....#
#.###.
##########)#..Y####.#
#.##### #.# #.# #.#
#.# #.#


You could see a sky beast.

Vanquished Creatures
  A scorpion (D:5)
  A jelly (D:5)
  A hound (D:5)
  Ijyb (D:2)
  A worker ant (D:5)
  An adder (D:5)
  3 dart slugs
  An orc (D:5)
  A giant cockroach (D:1)
  2 hobgoblins
  4 jackals (D:2)
  A quokka (D:5)
  3 bats
  2 goblins
  2 kobolds
  A rat (D:1)
26 creatures vanquished.

Notes
Turn   | Place    | Note
--------------------------------------------------------------
     0 | D:1      | imoen the Vine Stalker Monk began the quest for the Orb.
     0 | D:1      | Reached XP level 1. HP: 11/11 MP: 2/2
    85 | D:1      | Reached XP level 2. HP: 16/16 MP: 3/3
   149 | D:2      | Noticed Ijyb
   157 | D:2      | Killed Ijyb
   157 | D:2      | Reached skill level 5 in Unarmed Combat
   157 | D:2      | Reached XP level 3. HP: 12/19 MP: 2/4
   338 | D:3      | Found an iron altar of Okawaru.
   345 | D:3      | You fall through a shaft for 2 floors!
   345 | D:5      | Entered Level 5 of the Dungeon
   392 | D:5      | Reached XP level 4. HP: 23/23 MP: 5/5
   464 | D:5      | Reached skill level 6 in Unarmed Combat
   464 | D:5      | Reached XP level 5. HP: 26/27 MP: 6/6
   475 | D:5      | HP: 5/27 [scorpion (4)]
   544 | D:5      | Noticed a sky beast
   578 | D:5      | HP: 5/27 [sky beast (5)]
   579 | D:5      | HP: 1/27 [sky beast (4)]
   580 | D:5      | Slain by a sky beast

Skill      XL: |  1  2  3  4 |
---------------+-------------+-----
Unarmed Combat | 5 6 |  6.8
Fighting       | |  2.6
Dodging        | |  2.4
Stealth        | |  2.4

Action                   |  1- 3 |  4- 6 || total
-------------------------+-------+-------++-------
Melee: Unarmed           |    60 |    28 ||    88
       Bite              |    15 |     5 ||    20
       Punch             |     2 |     1 ||     3
Evoke: Wand              |       |     2 ||     2
 Stab: Sleeping          |     2 |     2 ||     4
       Distracted        |     1 |       ||     1
Armor: Robe              |     9 |       ||     9
       Leather armour    |       |     3 ||     3
Dodge: Dodged            |    37 |    20 ||    57

Vault maps used:
D:1:      roderic_crossed_star
D:2:      uniq_iyjb
D:3:      okawaru_gym_becter, uniq_jessica
D:5:      black_bear_nest_1, kennysheep_mini_moat,
          nicolae_dithmenos_through_a_glass_darkly, first_bread

Table legend:
 A = Turns spent in this place as a percentage of turns spent in the entire game.
 B = Non-inter-level travel turns spent in this place as a percentage of non-inter-level travel turns spent in the entire game.
 C = Inter-level travel turns spent in this place as a percentage of turns spent in this place.
 D = Turns resting spent in this place as a percentage of non-inter-level travel turns spent in this place.
 E = Turns spent auto-exploring this place as a percentage of non-inter-level travel turns spent in this place.
 F = Non-inter-level travel turns spent in this place divided by the number of levels of this place that you've seen.
                   A       B       C       D       E      F
               +-------+-------+-------+-------+-------+----------------------
         Total | 100.0 | 100.0 |   0.0 |   0.0 |   0.0 | 132.8
       Dungeon | 100.0 | 100.0 |   0.0 |   0.0 |   0.0 | 132.8
               +-------+-------+-------+-------+-------+----------------------

Table legend:
 A = Kills in this place as a percentage of kills in entire the game.
 B = Kills by you in this place as a percentage of kills by you in the entire game.
 C = Kills by friends in this place as a percentage of kills by friends in the entire game.
 D = Other kills in this place as a percentage of other kills in the entire game.
 E = Experience gained in this place as a percentage of experience gained in the entire game.
 F = Experience gained in this place divided by the number of levels of this place that you have seen.
                   A       B       C       D       E      F
               +-------+-------+-------+-------+-------+----------------------
         Total | 100.0 | 100.0 |  -nan |  -nan | 100.0 |  70.0
       Dungeon | 100.0 | 100.0 |  -nan |  -nan | 100.0 |  70.0
               +-------+-------+-------+-------+-------+----------------------
